| TOP OF THE 1ST |
|
Arizona Diamondbacks batting - Pitching for Baltimore Orioles : LHP Steve Avery
|
|
Pitching: LHP Steve Avery
|
|
|
Batting: RHB Chad Curtis
|
0-0: SINGLE (Groundball, 56S, EV 69.4 MPH) (infield hit)
|
|
Batting: SHB Bret Barberie
|
0-0: Ball 1-0: Ball 2-0: Ball 3-0: Called Strike 3-1: Called Strike 3-2: Strikes out swinging Chad Curtis is caught stealing 2nd base 2-4 Batter strikes out.
|
|
Batting: RHB Bobby M Estalella
|
0-0: Ball 1-0: DOUBLE (Groundball, 5L, EV 99.4 MPH)
|
|
Batting: LHB Mike Greenwell
|
0-0: Swinging Strike 0-1: Ball 1-1: Ball 2-1: Foul Ball, location: 2F 2-2: Foul Ball, location: 2F 2-2: Foul Ball, location: 2F 2-2: Fly out, F9 (Flyball, 9S, EV 88.1 MPH)
|
| Top of the 1st over - 0 runs, 2 hits, 0 errors, 1 left on base; Arizona 0 - Baltimore 0 |
| BOTTOM OF THE 1ST |
|
Baltimore Orioles batting - Pitching for Arizona Diamondbacks : RHP Scott Sanders
|
|
Pitching: RHP Scott Sanders
|
|
|
Batting: LHB Johnny Damon
|
0-0: Ball 1-0: Foul Ball, location: 2F 1-1: Foul Ball, location: 2F 1-2: Ball 2-2: Strikes out swinging
|
|
Batting: LHB Bill Spiers
|
0-0: Foul Ball, location: 2F 0-1: Ball 1-1: Ball 2-1: Foul Ball, location: 2F 2-2: Ball 3-2: Strikes out looking
|
|
Batting: LHB Kenny Lofton
|
0-0: Called Strike 0-1: Ball 1-1: Called Strike 1-2: Ball 2-2: SINGLE (Line Drive, 7S, EV 88.8 MPH)
|
|
Batting: LHB Matt Franco
|
0-0: Fly out, F7 (Flyball, 7LMF, EV 85.6 MPH)
|
| Bottom of the 1st over - 0 runs, 1 hit, 0 errors, 1 left on base; Arizona 0 - Baltimore 0 |
| TOP OF THE 2ND |
|
Arizona Diamondbacks batting - Pitching for Baltimore Orioles : LHP Steve Avery
|
|
Batting: RHB Sandy Alomar Jr.
|
0-0: Fly out, F9 (Flyball, 9LS, EV 86.9 MPH)
|
|
Batting: LHB Mark Grace
|
0-0: SOLO HOME RUN (Flyball, 78XD, EV 106.9 MPH), Distance : 428 ft
|
|
Batting: RHB Butch Huskey
|
0-0: Ground out 6-3 (Groundball, 6, EV 80.6 MPH)
|
|
Batting: LHB Robin Ventura
|
0-0: Ball 1-0: Called Strike 1-1: Ground out 2-3 (Groundball, 15S, EV 68.1 MPH)
|
| Top of the 2nd over - 1 run, 1 hit, 0 errors, 0 left on base; Arizona 1 - Baltimore 0 |
| BOTTOM OF THE 2ND |
|
Baltimore Orioles batting - Pitching for Arizona Diamondbacks : RHP Scott Sanders
|
|
Batting: RHB Kelly Gruber
|
0-0: Called Strike 0-1: Fly out, F8 (Flyball, 8LXD, EV 83.8 MPH)
|
|
Batting: RHB Lyle Mouton
|
0-0: Ball 1-0: Called Strike 1-1: Foul Ball, location: 2F 1-2: Ball 2-2: Foul Ball, location: 2F 2-2: Ball 3-2: Fly out, F5 (Popup, 5SF, EV 76.9 MPH)
|
|
Batting: LHB Matt Nokes
|
0-0: Ball 1-0: Ball 2-0: Foul Ball, location: 2F 2-1: Foul Ball, location: 2F 2-2: Ball 3-2: Strikes out swinging
|
| Bottom of the 2nd over - 0 runs, 0 hits, 0 errors, 0 left on base; Arizona 1 - Baltimore 0 |
| TOP OF THE 3RD |
|
Arizona Diamondbacks batting - Pitching for Baltimore Orioles : LHP Steve Avery
|
|
Batting: RHB Mike Bordick
|
0-0: Called Strike 0-1: Foul Ball, location: 2F 0-2: Ball 1-2: Ball 2-2: Ball 3-2: Ground out 5-3 (Groundball, 56S, EV 70.0 MPH)
|
|
Batting: RHB Chad Curtis
|
0-0: Fly out, F6 (Line Drive, 6, EV 69.4 MPH)
|
|
Batting: SHB Bret Barberie
|
0-0: Called Strike 0-1: Swinging Strike 0-2: Foul Ball, location: 2F 0-2: Ball 1-2: Ground out 6-3 (Groundball, 6, EV 95.6 MPH)
|
| Top of the 3rd over - 0 runs, 0 hits, 0 errors, 0 left on base; Arizona 1 - Baltimore 0 |
| BOTTOM OF THE 3RD |
|
Baltimore Orioles batting - Pitching for Arizona Diamondbacks : RHP Scott Sanders
|
|
Batting: LHB Troy O'Leary
|
0-0: Foul Ball, location: 2F 0-1: SINGLE (Groundball, 34D, EV 109.4 MPH)
|
|
Batting: RHB Miguel Tejada
|
0-0: Ball 1-0: Foul Ball, location: 2F 1-1: Ball 2-1: Foul Ball, location: 2F 2-2: Foul Ball, location: 2F 2-2: SINGLE (Groundball, 56D, EV 110.6 MPH) Troy O'Leary to second
|
|
Batting: LHB Johnny Damon
|
0-0: Bunted foul 0-1: Bunt missed! 0-2: Ball 1-2: SINGLE (Line Drive, 5D, EV 98.8 MPH) Troy O'Leary to third Miguel Tejada to second
|
|
Batting: LHB Bill Spiers
|
0-0: Called Strike 0-1: Swinging Strike 0-2: Ball 1-2: Ball 2-2: Foul Ball, location: 2F 2-2: TRIPLE (Line Drive, 89XD, EV 103.8 MPH) Troy O'Leary scores Miguel Tejada scores Johnny Damon scores
|
|
Batting: LHB Kenny Lofton
|
0-0: Ball 1-0: Ball 2-0: Fly out, F9 (Line Drive, 9, EV 103.1 MPH) Runner from 3rd tags up, SCORES, throw by RF
|
|
Batting: LHB Matt Franco
|
0-0: Foul Ball, location: 2F 0-1: Swinging Strike 0-2: Strikes out swinging
|
|
Batting: RHB Kelly Gruber
|
0-0: Ball 1-0: Swinging Strike 1-1: Foul Ball, location: 2F 1-2: Strikes out looking
|
| Bottom of the 3rd over - 4 runs, 4 hits, 0 errors, 0 left on base; Arizona 1 - Baltimore 4 |
| TOP OF THE 4TH |
|
Arizona Diamondbacks batting - Pitching for Baltimore Orioles : LHP Steve Avery
|
|
Batting: RHB Bobby M Estalella
|
0-0: Called Strike 0-1: SINGLE (Flyball, 78M, EV 88.8 MPH)
|
|
Batting: LHB Mike Greenwell
|
0-0: Ball 1-0: Ball 2-0: Foul Ball, location: 2F 2-1: Fly out, F7 (Line Drive, 7D, EV 87.5 MPH)
|
|
Batting: RHB Sandy Alomar Jr.
|
0-0: Called Strike 0-1: Swinging Strike 0-2: Ball 1-2: Ball 2-2: Ball 3-2: Foul Ball, location: 2F 3-2: Grounds into double play, 6-4-3 (Groundball, 6M, EV 97.5 MPH)
|
| Top of the 4th over - 0 runs, 1 hit, 0 errors, 0 left on base; Arizona 1 - Baltimore 4 |
| BOTTOM OF THE 4TH |
|
Baltimore Orioles batting - Pitching for Arizona Diamondbacks : RHP Scott Sanders
|
|
Batting: RHB Lyle Mouton
|
0-0: Ball 1-0: Called Strike 1-1: Foul Ball, location: 2F 1-2: Strikes out looking
|
|
Batting: LHB Matt Nokes
|
0-0: Ball 1-0: Ground out 4-3 (Groundball, 34D, EV 107.5 MPH)
|
|
Batting: LHB Troy O'Leary
|
0-0: Ball 1-0: Ball 2-0: Called Strike 2-1: Foul Ball, location: 2F 2-2: Ground out 4-3 (Groundball, 4, EV 86.3 MPH)
|
| Bottom of the 4th over - 0 runs, 0 hits, 0 errors, 0 left on base; Arizona 1 - Baltimore 4 |
| TOP OF THE 5TH |
|
Arizona Diamondbacks batting - Pitching for Baltimore Orioles : LHP Steve Avery
|
|
Batting: LHB Mark Grace
|
0-0: Ball 1-0: SINGLE (Line Drive, 8LS, EV 103.1 MPH)
|
|
Batting: RHB Butch Huskey
|
0-0: Ball 1-0: Called Strike 1-1: Called Strike 1-2: Ball 2-2: 2-RUN HOME RUN (Flyball, 78XD, EV 91.9 MPH), Distance : 421 ft
|
|
Batting: LHB Robin Ventura
|
0-0: Called Strike 0-1: Ball 1-1: Swinging Strike 1-2: Foul Ball, location: 2F 1-2: Ball 2-2: Strikes out looking
|
|
Batting: RHB Mike Bordick
|
0-0: Called Strike 0-1: Called Strike 0-2: Ball 1-2: Foul Ball, location: 2F 1-2: Fly out, F8 (Line Drive, 8LM, EV 106.9 MPH)
|
|
Batting: RHB Chad Curtis
|
0-0: Ball 1-0: Fly out, F6 (Popup, 6M, EV 54.4 MPH)
|
| Top of the 5th over - 2 runs, 2 hits, 0 errors, 0 left on base; Arizona 3 - Baltimore 4 |
| BOTTOM OF THE 5TH |
|
Baltimore Orioles batting - Pitching for Arizona Diamondbacks : RHP Scott Sanders
|
|
Batting: RHB Miguel Tejada
|
0-0: Called Strike 0-1: Swinging Strike 0-2: Strikes out swinging
|
|
Batting: LHB Johnny Damon
|
0-0: Fly out, F7 (Line Drive, 7, EV 88.1 MPH)
|
|
Batting: LHB Bill Spiers
|
0-0: Ball 1-0: Ground out 6-3 (Groundball, 6, EV 90.6 MPH)
|
| Bottom of the 5th over - 0 runs, 0 hits, 0 errors, 0 left on base; Arizona 3 - Baltimore 4 |
| TOP OF THE 6TH |
|
Arizona Diamondbacks batting - Pitching for Baltimore Orioles : LHP Steve Avery
|
|
Batting: SHB Bret Barberie
|
0-0: Swinging Strike 0-1: Reached on error, E6 (Groundball, 6, EV 85.0 MPH)
|
|
Batting: RHB Bobby M Estalella
|
0-0: Ball 1-0: Foul Ball, location: 2F 1-1: Ball 2-1: SINGLE (Groundball, 56D, EV 101.3 MPH) Bret Barberie to second
|
|
Batting: LHB Mike Greenwell
|
0-0: Ball 1-0: Fly out, F9 (Flyball, 9, EV 71.3 MPH)
|
|
Batting: RHB Sandy Alomar Jr.
|
0-0: Called Strike 0-1: Fly out, F8 (Line Drive, 8RM, EV 85.0 MPH)
|
|
Batting: LHB Mark Grace
|
0-0: Foul Ball, location: 2F 0-1: Called Strike 0-2: SINGLE (Groundball, 6D, EV 96.9 MPH) Bret Barberie to third Bobby M Estalella to second Runner from 3rd tries for Home, SAFE, no throw by CF
|
|
Batting: RHB Butch Huskey
|
0-0: Fly out, F9 (Flyball, 9LS, EV 98.1 MPH)
|
| Top of the 6th over - 1 run, 2 hits, 1 error, 2 left on base; Arizona 4 - Baltimore 4 |
| BOTTOM OF THE 6TH |
|
Baltimore Orioles batting - Pitching for Arizona Diamondbacks : RHP Scott Sanders
|
|
Batting: LHB Kenny Lofton
|
0-0: Called Strike 0-1: Fly out, F7 (Line Drive, 7, EV 96.9 MPH)
|
|
Batting: LHB Matt Franco
|
0-0: Called Strike 0-1: Swinging Strike 0-2: Foul Ball, location: 2F 0-2: Ball 1-2: Ground out 3-1 (Groundball, 34, EV 103.1 MPH)
|
|
Batting: RHB Kelly Gruber
|
0-0: Called Strike 0-1: Ball 1-1: Foul Ball, location: 2F 1-2: SINGLE (Groundball, 4D, EV 104.4 MPH)
|
|
Batting: RHB Lyle Mouton
|
0-0: Foul Ball, location: 2F 0-1: Ball 1-1: Called Strike 1-2: Strikes out swinging
|
| Bottom of the 6th over - 0 runs, 1 hit, 0 errors, 1 left on base; Arizona 4 - Baltimore 4 |
| TOP OF THE 7TH |
|
Arizona Diamondbacks batting - Pitching for Baltimore Orioles : LHP Steve Avery
|
|
Batting: LHB Robin Ventura
|
0-0: Called Strike 0-1: Swinging Strike 0-2: Ball 1-2: Strikes out looking
|
|
Batting: RHB Mike Bordick
|
0-0: SINGLE (Groundball, 6MD, EV 106.3 MPH)
|
|
Batting: RHB Chad Curtis
|
0-0: Ball 1-0: Ball 2-0: Called Strike 2-1: DOUBLE (Flyball, 7LD, EV 103.1 MPH) Mike Bordick to third
|
|
Batting: SHB Bret Barberie
|
0-0: Ball 1-0: Ball 2-0: SINGLE (Groundball, 34, EV 110.6 MPH) Mike Bordick scores Chad Curtis to third Runner from 3rd tries for Home, SAFE, throw by RF to home
|
|
Batting: RHB Bobby M Estalella
|
0-0: Swinging Strike 0-1: Swinging Strike 0-2: Strikes out looking
|
|
Batting: LHB Mike Greenwell
|
0-0: Called Strike 0-1: Called Strike 0-2: Ball 1-2: Fly out, F8 (Flyball, 8LXD, EV 87.5 MPH)
|
| Top of the 7th over - 2 runs, 3 hits, 0 errors, 1 left on base; Arizona 6 - Baltimore 4 |
| BOTTOM OF THE 7TH |
|
Baltimore Orioles batting - Pitching for Arizona Diamondbacks : RHP Scott Sanders
|
|
Pitching: RHP Marvin Freeman
|
|
|
Batting: LHB Matt Nokes
|
0-0: Ball 1-0: Foul Ball, location: 2F 1-1: Ball 2-1: Ball 3-1: Called Strike 3-2: Fly out, F7 (Flyball, 7LS, EV 89.4 MPH)
|
|
Batting: LHB Troy O'Leary
|
0-0: Foul Ball, location: 2F 0-1: Swinging Strike 0-2: SINGLE (Line Drive, 89S, EV 104.4 MPH)
|
|
Batting: RHB Miguel Tejada
|
0-0: DOUBLE (Flyball, 8RXD, EV 91.9 MPH) Troy O'Leary to third Runner from 3rd tries for Home, SAFE, no throw by CF
|
|
Batting: LHB Johnny Damon
|
0-0: Foul Ball, location: 2F 0-1: Ball 1-1: Swinging Strike 1-2: Ball 2-2: Ball 3-2: Base on Balls
|
|
Batting: LHB Bill Spiers
|
0-0: Called Strike 0-1: Foul Ball, location: 2F 0-2: Reached on error, E1 (Groundball, 15, EV 87.5 MPH) Miguel Tejada to third Johnny Damon to second
|
|
Batting: LHB Kenny Lofton
|
0-0: Ball 1-0: Called Strike 1-1: DOUBLE (Line Drive, 7LS, EV 101.3 MPH) Miguel Tejada scores Johnny Damon scores Bill Spiers to third Runner from 3rd tries for Home, throw by LF and OUT! 7-6-2
|
|
Batting: LHB Matt Franco
|
0-0: Called Strike 0-1: Ground out 6-3 (Groundball, 6, EV 84.4 MPH)
|
| Bottom of the 7th over - 3 runs, 3 hits, 1 error, 1 left on base; Arizona 6 - Baltimore 7 |
| TOP OF THE 8TH |
|
Arizona Diamondbacks batting - Pitching for Baltimore Orioles : LHP Steve Avery
|
|
Batting: RHB Sandy Alomar Jr.
|
0-0: Called Strike 0-1: Ground out 6-3 (Groundball, 56, EV 78.8 MPH)
|
|
Batting: LHB Mark Grace
|
0-0: Ground out U3 (Groundball, 3, EV 85.0 MPH)
|
|
Batting: RHB Butch Huskey
|
0-0: Ball 1-0: Called Strike 1-1: Swinging Strike 1-2: Fly out, F8 (Line Drive, 8RM, EV 86.3 MPH)
|
| Top of the 8th over - 0 runs, 0 hits, 0 errors, 0 left on base; Arizona 6 - Baltimore 7 |
| BOTTOM OF THE 8TH |
|
Baltimore Orioles batting - Pitching for Arizona Diamondbacks : RHP Marvin Freeman
|
|
Pitching: RHP Kelvim Escobar
|
|
|
Batting: RHB Kelly Gruber
|
0-0: Ball 1-0: Called Strike 1-1: Ball 2-1: Foul Ball, location: 2F 2-2: Strikes out looking
|
|
Batting: RHB Lyle Mouton
|
0-0: Called Strike 0-1: Foul Ball, location: 2F 0-2: Ball 1-2: Strikes out swinging
|
|
Batting: LHB Matt Nokes
|
0-0: Called Strike 0-1: Ground out 5-3 (Groundball, 56, EV 93.1 MPH)
|
| Bottom of the 8th over - 0 runs, 0 hits, 0 errors, 0 left on base; Arizona 6 - Baltimore 7 |
| TOP OF THE 9TH |
|
Arizona Diamondbacks batting - Pitching for Baltimore Orioles : LHP Steve Avery
|
|
Pitching: RHP Roger McDowell
|
|
|
Batting: LHB Robin Ventura
|
0-0: Called Strike 0-1: Foul Ball, location: 2F 0-2: Foul Ball, location: 2F 0-2: Ball 1-2: Ball 2-2: Ground out U3 (Groundball, 3, EV 81.9 MPH)
|
|
Pinch Hitting: RHB Moises Alou
|
0-0: Ball 1-0: DOUBLE (Groundball, 5L, EV 103.1 MPH)
|
|
Batting: RHB Chad Curtis
|
0-0: Ball 1-0: SINGLE (Line Drive, 78S, EV 104.4 MPH) Moises Alou to third Runner from 3rd tries for Home, SAFE, throw by LF to home Chad Curtis to second
|
|
Pitching: RHP T J Mathews
|
|
|
Batting: SHB Bret Barberie
|
0-0: Called Strike 0-1: Ball 1-1: Foul Ball, location: 2F 1-2: SINGLE (Groundball, 34D, EV 102.5 MPH) Chad Curtis to third Runner from 3rd tries for Home, SAFE, throw by RF to home
|
|
Batting: RHB Bobby M Estalella
|
0-0: Foul Ball, location: 2F 0-1: Called Strike 0-2: SINGLE (Flyball, 9S, EV 90.6 MPH) Bret Barberie to second Runner from 2nd tries for 3rd, SAFE, throw by RF made to third
|
|
Batting: LHB Mike Greenwell
|
0-0: Called Strike 0-1: Ball 1-1: Ball 2-1: Foul Ball, location: 2F 2-2: Ball 3-2: Strikes out swinging
|
|
Batting: RHB Sandy Alomar Jr.
|
0-0: Swinging Strike 0-1: Foul Ball, location: 2F 0-2: Strikes out swinging
|
| Top of the 9th over - 2 runs, 4 hits, 0 errors, 2 left on base; Arizona 8 - Baltimore 7 |
| BOTTOM OF THE 9TH |
|
Baltimore Orioles batting - Pitching for Arizona Diamondbacks : RHP Kelvim Escobar
|
|
Pitching: RHP Danny Patterson
|
|
|
Now at 2B: Lance Blankenship
|
|
|
Batting: LHB Troy O'Leary
|
0-0: Swinging Strike 0-1: Foul Ball, location: 2F 0-2: Strikes out looking
|
|
Batting: RHB Miguel Tejada
|
0-0: Ball 1-0: Called Strike 1-1: Ball 2-1: Foul Ball, location: 2F 2-2: Ground out 5-3 (Groundball, 5L, EV 96.9 MPH)
|
|
Batting: LHB Johnny Damon
|
0-0: Foul Ball, location: 2F 0-1: Ball 1-1: SINGLE (Flyball, 8RS, EV 88.8 MPH)
|
|
Batting: LHB Bill Spiers
|
0-0: Ball Pickoff Throw to First - Out! 1-3
|
| Bottom of the 9th over - 0 runs, 1 hit, 0 errors, 0 left on base; Arizona 8 - Baltimore 7 |
|